[Event "SS Manhem Chess Week 2019 Goteborg Open"]
[Site "Molnlycke kulturhus, Biblioteksgatan 2, Molnlycke, Sweden"]
[Date "2019.08.17"]
[Round "6.16"]
[White "Johansson-Ohman, Daniel"]
[Black "Malmstig, Erik"]
[Result "0-1"]
[TimeControl "15 minutes + 5 seconds per move from move one (Round 1 - 4) / 90 minutes + 30 seconds per move from move one (Round 5 - 8)"]
[BlackTitle "FM"]
[WhiteFideId "1736361"]
[BlackFideId "1702866"]
[WhiteElo "1822"]
[BlackElo "2335"]

1. c4 e5 2. g3 d6 3. Bg2 c6 4. Nc3 Be7 5. d3 h5 6. Nf3 h4 7. b4 h3 8. Bf1 Bg4 9. Rb1 Nd7 10.
e4 f5 11. Be2 fxe4 12. dxe4 Nh6 13. Be3 Nf7 14. Nd2 Bxe2 15.
Qxe2 Nf6 16. O-O Qd7 17.
f3 g5 18. b5 c5 19. Nd5 Nxd5 20. cxd5 Rg8 21. Nc4 Bf6 22. a4 Rg7 23. a5 Be7 24. Bd2 g4 25. f4 O-O-O 26. f5 Bf6 27. Qd3 Kb8 28. Qb3 Rh8 29.
Rb2 Qe8 30. Kf2 Qg8 31. Ke2 Qh7 32. Kd1 Rf8 33. Kc1 Bg5 34. Kb1 Bxd2 35. Nxd2 Ng5 36. Ka2 b6 37. Rc2 bxa5 38. Qa4 Rb7 39.
Qxa5 Qc7 40. Qxc7+ Kxc7 41. Rb2 a6 42. bxa6 Ra7 43. Rb7+ Rxb7 44. axb7 Kxb7 45. Rb1+ Kc7 46. Rf1 Nh7 47. Kb3 Nf6 48. Kc3 Ra8 49. Re1 Ra3+ 50. Kb2 Rd3 51. Kc2 Rd4 52. Kc3 Kd7 53.
Re2 Ke7 54. Re1 Kf7 55. Re2 Nh7 56. Nc4 Ke7 57. Na5 Ra4 58. Nc4 Ng5 59. Nd2 Ra1 60. Kd3 Ra3+ 61. Kc2 Nf3 62. Kb2 Ra4 63. Nxf3 gxf3 64. Re3 Rxe4 65. Rxf3 Re2+ 66. Kc3 Rxh2 67.
g4 Ra2 68. Kb3 h2 69. Rh3 Rg2 70. Kc3 Rg3+ 0-1

[Event "SS Manhem Chess Week 2019 Goteborg Open"]
[Site "Molnlycke kulturhus, Biblioteksgatan 2, Molnlycke, Sweden"]
[Date "2019.08.17"]
[Round "6.17"]
[White "Carlfors, Viktor"]
[Black "Svensson, Leif"]
[Result "0-1"]
[TimeControl "15 minutes + 5 seconds per move from move one (Round 1 - 4) / 90 minutes + 30 seconds per move from move one (Round 5 - 8)"]
[WhiteFideId "1740725"]
[BlackFideId "1702459"]
[WhiteElo "1820"]
[BlackElo "2027"]

1. d4 d5 2. c4 Bf5 3. Bf4 e6 4. Nc3 Nc6 5. e3 Bd6 6. Bg3 Nf6 7. Rc1 O-O 8. Be2 Ne4 9. Bxd6 Qxd6 10.
cxd5 exd5 11. a3 Rfe8 12. Nf3 a6 13. Qb3 Nxc3 14. Qxc3 Re6 15. Qc5 Qd8 16. b4 Rg6 17. Kf1 Be4 18.
b5 axb5 19. Bxb5 Qf6 20. Be2 Ra5 21. Qc3 Qe7 22. Qb2 Qxa3 23. Qxa3 Rxa3 24. Rg1 Kf8 25. Nh4 Rf6 26. g3 Rxe3 27.
Ke1 Ra3 28. f3 Bd3 29. Bxd3 Rxd3 30. Ke2 Rxd4 31. Ng2 Re6+ 32. Ne3 Ra4 33. Kf2 d4 34. Nd5 Ra2+ 35. Kf1 Ree2 36. h4 d3 37.
Rd1 Rf2+ 0-1

[Event "SS Manhem Chess Week 2019 Goteborg Open"]
[Site "Molnlycke kulturhus, Biblioteksgatan 2, Molnlycke, Sweden"]
[Date "2019.08.17"]
[Round "6.18"]
[White "Johansson, Roy"]
[Black "Hakansson, Simon"]
[Result "1-0"]
[TimeControl "15 minutes + 5 seconds per move from move one (Round 1 - 4) / 90 minutes + 30 seconds per move from move one (Round 5 - 8)"]
[WhiteFideId "1745972"]
[BlackFideId "1738518"]
[WhiteElo "1976"]
[BlackElo "1717"]

1. d4 d5 2. Bf4 Nf6 3. e3 c5 4. Nd2 Nc6 5. c3 Qb6 6.
Qb3 c4 7. Qc2 Nh5 8. Bg5 Qc7 9. Be2 Nf6 10. Ngf3 e6 11. O-O Be7 12. e4 O-O 13. e5 Nd7 14. Bxe7 Nxe7 15. Ng5 g6 16.
f4 b5 17. Rf3 h6 18. Nh3 a5 19. Nf2 Ba6 20. Rh3 Kg7 21. Nf3 b4 22. Qd2 bxc3 23. bxc3 Rh8 24. g4 a4 25. a3 Rab8 26. Kh1 Rb7 27. Rg1 Qb8 28. Nh4 Rb1 29. Bd1 Qb2 30. Qe3 Nb6 31. f5 Kf8 32. fxg6 fxg6 33.
Rf3+ Ke8 34. Qf4 Qxa3 35. Bxa4+ Qxa4 36. Rxb1 Nd7 37. Qf7+ Kd8 38. Qxe6 Qc2 39. Ra1 Bb7 40. Qd6 Qb2 41.
Rf1 Qb6 42. Qxb6+ Nxb6 43. Rb1 Nec8 44. Nxg6 Rg8 45. Nh4 Bc6 46. Nf5 Rg6 47. Rh3 Bd7 48. Nxh6 Be6 49. Nf5 Rg5 50. Rh8+ Kd7 51.
h4 Rg6 52. h5 Rg5 53. Rh7+ Kd8 54. Rg7 Bxf5 55. Rxg5 Bxb1 56. h6 Na4 57. Rg8+ Ke7 58. Rxc8 Nxc3 59. h7 1-0

[Event "SS Manhem Chess Week 2019 Goteborg Open"]
[Site "Molnlycke kulturhus, Biblioteksgatan 2, Molnlycke, Sweden"]
[Date "2019.08.18"]
[Round "7.1"]
[White "Blomqvist, Erik"]
[Black "Wiedenkeller, Michael"]
[Result "1/2-1/2"]
[TimeControl "15 minutes + 5 seconds per move from move one (Round 1 - 4) / 90 minutes + 30 seconds per move from move one (Round 5 - 8)"]
[WhiteTitle "GM"]
[BlackTitle "IM"]
[WhiteFideId "1709437"]
[BlackFideId "1700146"]
[WhiteElo "2507"]
[BlackElo "2456"]

1. e4 e6 2. d4 d5 3. e5 c5 4. c3 Qb6 5. Nf3 Bd7 6. Bd3 cxd4 7. Nxd4 Nc6 8. Nxc6 bxc6 9. O-O Ne7 10.
Qe2 Nf5 11. Rd1 Be7 12. c4 Rd8 13. Bxf5 exf5 14. cxd5 cxd5 15. Be3 Qb7 16. Nc3 Bc6 17. Bd4 O-O 18. Qe3 Rfe8 19. Ne2 a5 20.
Qg3 Bf8 21. Nf4 Kh8 22. h4 Bd7 23. Rac1 Rc8 24. Rc3 Be6 25. Rdc1 Rxc3 26. Qxc3 Rc8 27. Qd2 Rxc1+ 28. Qxc1 Be7 29.
g3 h6 30. Qc3 Bb4 31. Qc2 Qd7 32. a3 Be7 33. a4 Bb4 34. b3 Qb7 35. Nd3 Kg8 36. f3 Be7 37. Kf2 Qa6 38. Qc3 Kh7 39.
Ke3 Qb7 40. Kd2 f4 41. g4 Bxh4 42. Kc2 Qa6 43. Nxf4 Be7 44. Qd3+ Qxd3+ 45. Kxd3 g6 46. Bc3 Bd8 47. b4 axb4 48. Bxb4 Bd7 49. a5 Bb5+ 50.
Kd4 Bg5 51. Nxd5 h5 52. Be7 Bd2 53. Nf6+ Kg7 54. gxh5 Bxa5 55. hxg6 Kxg6 56. Ke4 Bd2 57. f4 Bc6+ 58. Nd5 1/2-1/2

[Event "SS Manhem Chess Week 2019 Goteborg Open"]
[Site "Molnlycke kulturhus, Biblioteksgatan 2, Molnlycke, Sweden"]
[Date "2019.08.18"]
[Round "7.2"]
[White "Hector, Jonny"]
[Black "Ahlander, Bjorn"]
[Result "0-1"]
[TimeControl "15 minutes + 5 seconds per move from move one (Round 1 - 4) / 90 minutes + 30 seconds per move from move one (Round 5 - 8)"]
[WhiteTitle "GM"]
[BlackTitle "IM"]
[WhiteFideId "1700090"]
[BlackFideId "1700251"]
[WhiteElo "2493"]
[BlackElo "2390"]

1. e4 c5 2. Nf3 e6 3. d4 cxd4 4. Nxd4 Nc6 5. Nc3 Qc7 6. Be3 a6 7. Qf3 Nf6 8. O-O-O Nxd4 9. Bxd4 e5 10.
Be3 d6 11. Rd2 Be7 12. Rg1 Bg4 13. Qg3 Be6 14. f4 Qa5 15. a3 Rc8 16. f5 Rxc3 17. fxe6 Nxe4 18. exf7+ Kf8 19. Qh3 Rxe3 20.
Qxe3 Nxd2 21. Bd3 e4 0-1

[Event "SS Manhem Chess Week 2019 Goteborg Open"]
[Site "Molnlycke kulturhus, Biblioteksgatan 2, Molnlycke, Sweden"]
[Date "2019.08.18"]
[Round "7.3"]
[White "Golubka, Petro"]
[Black "Kockum, Anton Frisk"]
[Result "1-0"]
[TimeControl "15 minutes + 5 seconds per move from move one (Round 1 - 4) / 90 minutes + 30 seconds per move from move one (Round 5 - 8)"]
[WhiteTitle "IM"]
[BlackTitle "FM"]
[WhiteFideId "14114224"]
[BlackFideId "1709143"]
[WhiteElo "2479"]
[BlackElo "2367"]

1. d4 f5 2. Nc3 d5 3. Nf3 Nf6 4. Bf4 e6 5. e3 Bd6 6. Bd3 O-O 7. O-O Bd7 8. Ne2 Be8 9. Ng3 Ne4 10.
c4 c6 11. Qb3 b6 12. Rfc1 h6 13. a4 g5 14. Bxd6 Nxd6 15. Ne5 a5 16. Ne2 Ra7 17. Rc3 Rg7 18. Rac1 f4 19. cxd5 cxd5 20.
e4 f3 21. gxf3 g4 22. exd5 gxf3+ 23. Ng3 exd5 24. Qxd5+ Bf7 25. Qxf3 Be6 26. Qe3 Qf6 27. Rc7 Bd5 28. Rxg7+ Qxg7 29.
Bg6 Nf5 30. Nxf5 Rxf5 31. Qg3 Rf8 32. Rc7 Qxc7 33. Bf7+ Kh8 34. Ng6+ Kg7 35. Qxc7 Rxf7 36. Qxb8 Kxg6 37. Qd6+ 1-0

[Event "SS Manhem Chess Week 2019 Goteborg Open"]
[Site "Molnlycke kulturhus, Biblioteksgatan 2, Molnlycke, Sweden"]
[Date "2019.08.18"]
[Round "7.4"]
[White "Le, Quang Long"]
[Black "Rydstrom, Tom"]
[Result "1-0"]
[TimeControl "15 minutes + 5 seconds per move from move one (Round 1 - 4) / 90 minutes + 30 seconds per move from move one (Round 5 - 8)"]
[WhiteTitle "IM"]
[BlackTitle "FM"]
[WhiteFideId "12401749"]
[BlackFideId "1714830"]
[WhiteElo "2411"]
[BlackElo "2314"]

1. Nf3 d5 2. g3 Nc6 3. Bg2 e5 4. d3 Be6 5. O-O Qd7 6. Nc3 f6 7. e4 d4 8. Ne2 O-O-O 9. Ne1 g5 10.
c3 Bh3 11. cxd4 Bxg2 12. Kxg2 exd4 13. Qa4 h5 14. h3 Nge7 15. b4 Kb8 16. Bb2 a6 17. Nc2 h4 18. g4 f5 19. f3 fxg4 20.
fxg4 Bg7 21. b5 Na7 22. Rf7 Be5 23. Qb4 Bd6 24. Qxd4 Qxb5 25. Qc3 Rhf8 26. Raf1 Rxf7 27. Rxf7 Nac6 28.
Qb3 Qxb3 29. axb3 Ng6 30. d4 Nf4+ 31. Nxf4 Bxf4 32. d5 Na5 33. Nd4 Re8 34. Ne6 Nxb3 35. Nxf4 gxf4 36. e5 Nc5 37.
Ba3 Nd3 38. e6 Kc8 39. Rf6 b5 40. Rf8 Rxf8 41. Bxf8 b4 42. g5 b3 43. Ba3 Ne5 44. Bb2 f3+ 45. Kf1 Ng6 46. Kf2 Kb7 47.
Kxf3 Kb6 48. Ke4 Kc5 49. Ba3+ Kc4 50. Kf5 Ne7+ 51. Kf6 Nxd5+ 52. Kf7 c5 53. g6 1-0

[Event "SS Manhem Chess Week 2019 Goteborg Open"]
[Site "Molnlycke kulturhus, Biblioteksgatan 2, Molnlycke, Sweden"]
[Date "2019.08.18"]
[Round "7.5"]
[White "Carlsson, Ludvig"]
[Black "Seo, Jung Min"]
[Result "0-1"]
[TimeControl "15 minutes + 5 seconds per move from move one (Round 1 - 4) / 90 minutes + 30 seconds per move from move one (Round 5 - 8)"]
[WhiteTitle "CM"]
[BlackTitle "FM"]
[WhiteFideId "1727010"]
[BlackFideId "1734687"]
[WhiteElo "2234"]
[BlackElo "2409"]

1. d4 Nf6 2. c4 b6 3. g4 Nxg4 4. Bg2 c6 5. Nc3 d6 6. Bg5 Nf6 7. e4 e5 8. Nge2 Be7 9. O-O O-O 10.
Qd3 Nh5 11. Be3 Bg5 12. f4 exf4 13. Nxf4 Bxf4 14. Bxf4 Nxf4 15. Rxf4 Nd7 16. Raf1 Bb7 17. Qh3 Qe7 18. Rh4 h6 19.
Rff4 f5 20. exf5 Nf6 21. Qg3 Rae8 22. Ne4 Nxe4 23. Bxe4 Rf6 24. Qg2 Kh8 25. Rhg4 d5 26. cxd5 cxd5 27. Bxd5 Qe3+ 28. Rf2 Rxf5 29.
Bxb7 Ref8 0-1

[Event "SS Manhem Chess Week 2019 Goteborg Open"]
[Site "Molnlycke kulturhus, Biblioteksgatan 2, Molnlycke, Sweden"]
[Date "2019.08.18"]
[Round "7.6"]
[White "Vypkhaniuk, Ihor"]
[Black "Torngren, Gustav"]
[Result "1/2-1/2"]
[TimeControl "15 minutes + 5 seconds per move from move one (Round 1 - 4) / 90 minutes + 30 seconds per move from move one (Round 5 - 8)"]
[WhiteTitle "FM"]
[WhiteFideId "14112256"]
[BlackFideId "1728970"]
[WhiteElo "2405"]
[BlackElo "2061"]

1. Nf3 g6 2. c4 Bg7 3. d4 c5 4. e4 cxd4 5. Nxd4 Nc6 6. Be3 Nf6 7. Nc3 Ng4 8. Qxg4 Nxd4 9. Qd1 e5 10.
Qd2 O-O 11. Nb5 d6 12. Nxd4 exd4 13. Bxd4 Bxd4 14. Qxd4 Qa5+ 15. Qd2 Qe5 16. f3 Be6 17. Be2 Rac8 18. Rc1 b5 19. O-O Bxc4 20.
Bxc4 Rxc4 21. Rcd1 Rfc8 22. Rf2 R4c6 23. g3 h5 24. Kg2 Kg7 25. Qd4 Rc2 26. Qxe5+ dxe5 27. Rdd2 Rxd2 28. Rxd2 Kf6 29.
f4 Ke6 30. Kf3 f6 31. Ke3 Rc4 32. fxe5 1/2-1/2

[Event "SS Manhem Chess Week 2019 Goteborg Open"]
[Site "Molnlycke kulturhus, Biblioteksgatan 2, Molnlycke, Sweden"]
[Date "2019.08.18"]
[Round "7.7"]
[White "Welin, Mats"]
[Black "Pham, Bich Ngoc"]
[Result "0-1"]
[TimeControl "15 minutes + 5 seconds per move from move one (Round 1 - 4) / 90 minutes + 30 seconds per move from move one (Round 5 - 8)"]
[WhiteTitle "FM"]
[BlackTitle "WIM"]
[WhiteFideId "1705180"]
[BlackFideId "12401285"]
[WhiteElo "2310"]
[BlackElo "2176"]

1. e4 c5 2. Nf3 Nc6 3. d4 cxd4 4. Nxd4 g6 5. c4 Bg7 6. Be3 Nf6 7. Nc3 O-O 8. Be2 d6 9. O-O Bd7 10.
Qd2 Nxd4 11. Bxd4 Bc6 12. f3 a5 13. b3 Nd7 14. Be3 Nc5 15. Rab1 Qb6 16. Rfc1 Qb4 17. Rc2 Bxc3 18. Rxc3 Bxe4 19.
a3 Qxc3 20. Qxc3 Bxb1 21. Bh6 f6 22. Bxf8 Kxf8 23. h4 Bf5 24. Qe3 Kf7 25. Qd4 Be6 26. b4 axb4 27. axb4 Nd7 28. h5 Ra4 29.
Qd2 Ra3 30. Kh2 Kg7 31. Qd4 Ra2 32. Bf1 Ne5 33. Qe4 Ra1 34. Be2 Re1 35. Qc2 gxh5 36. Qd2 Ra1 37. c5 dxc5 38. bxc5 Ra2 39.
Qe3 Kf7 40. Qe4 Kf8 41. Bb5 h4 42. Kg1 h3 43. Bf1 Ra1 44. Kf2 h2 45. Qxh7 Nd3+ 46. Kg3 Rxf1 47. Kxh2 Ne5 48. Qe4 Rc1 49. Qxb7 Rxc5 50. Qe4 Kg7 51.
Kg3 Rc4 52. Qb7 Kf7 53. Qb1 Ng6 54. Qh1 Nh4 55. Qd1 Rb4 56. Qd2 Ra4 57. Qc2 Nf5+ 58. Kh2 Rh4+ 59. Kg1 Rh8 60. Kf2 Ra8 61.
Kg1 Rg8 62. Kf2 Rxg2+ 0-1

[Event "SS Manhem Chess Week 2019 Goteborg Open"]
[Site "Molnlycke kulturhus, Biblioteksgatan 2, Molnlycke, Sweden"]
[Date "2019.08.18"]
[Round "7.8"]
[White "Ziegler, Ari"]
[Black "Johnson, Daniel"]
[Result "1-0"]
[TimeControl "15 minutes + 5 seconds per move from move one (Round 1 - 4) / 90 minutes + 30 seconds per move from move one (Round 5 - 8)"]
[WhiteTitle "IM"]
[WhiteFideId "1700987"]
[BlackFideId "1721283"]
[WhiteElo "2300"]
[BlackElo "2201"]

1. e4 c5 2. Nf3 e6 3. d4 cxd4 4. Nxd4 a6 5. Nc3 Qc7 6. g3 Nc6 7. Bg2 d6 8. O-O Nf6 9. Be3 Be7 10.
a4 Na5 11. Qe2 O-O 12. Rad1 Bd7 13. g4 Qc4 14. Rd3 Nc6 15. g5 Ne8 16. Nxc6 bxc6 17. Qh5 g6 18. Qh6 e5 19. f4 exf4 20.
Rxf4 Ng7 21. Rh4 Nh5 22. Rxh5 gxh5 23. Bd4 f6 24. g6 Rf7 25. gxf7+ Qxf7 26. Rg3+ Kh8 27. Bf3 1-0

[Event "SS Manhem Chess Week 2019 Goteborg Open"]
[Site "Molnlycke kulturhus, Biblioteksgatan 2, Molnlycke, Sweden"]
[Date "2019.08.18"]
[Round "7.9"]
[White "Castrillon Gomez, Melissa"]
[Black "Troedsson, Anton"]
[Result "1-0"]
[TimeControl "15 minutes + 5 seconds per move from move one (Round 1 - 4) / 90 minutes + 30 seconds per move from move one (Round 5 - 8)"]
[WhiteTitle "WIM"]
[WhiteFideId "4402413"]
[BlackFideId "1746006"]
[WhiteElo "2227"]
[BlackElo "2045"]

1. d4 d5 2. Nf3 Nf6 3. c4 c6 4. Nc3 a6 5. e3 g6 6. Bd3 Bg7 7. h3 O-O 8. e4 dxe4 9. Nxe4 Nxe4 10.
Bxe4 Bf5 11. Bxf5 Qa5+ 12. Bd2 Qxf5 13. O-O c5 14. dxc5 Qxc5 15. Qb3 Nc6 16. a3 Nd4 17. Nxd4 Bxd4 18.
Qa2 b5 19. Rac1 bxc4 20. Rxc4 Qd5 21. Bh6 Rfd8 22. b4 a5 23. Qe2 axb4 24. axb4 Bg7 25. Bxg7 Kxg7 26. Rfc1 Qd6 27. b5 Rab8 28.
Rc6 Qb4 29. R6c5 Rb7 30. Qe5+ f6 31. Qe3 Rdd7 32. Qe6 Rd6 33. Qe2 Rd2 34. Qe3 Rdd7 35. Qe2 Rd6 36. Rc7 Rdb6 37. R1c4 Qd6 38.
Rxb7 Rxb7 39. Qb2 Qe5 40. Qxe5 fxe5 41. Rb4 Rb6 42. Kf1 Kf6 43. Ke2 Ke6 44. Kd3 Kd5 45. Rb2 g5 46. Ke3 h6 47.
Rb1 e4 48. Rb4 e6 49. Rb2 Ke5 50. Rb1 Kd5 51. Rb4 Kc5 52. Rb2 Kd5 53. h4 Ke5 54. hxg5 hxg5 55. Rb4 Kd5 56. Rd4+ Kc5 57. Rxe4 Kxb5 58. Re5+ Kc4 59.
Rxg5 Rb1 60. Re5 Rb3+ 61. Ke4 Rb2 62. Kf3 Rb6 63. g4 Kd4 64. Kf4 Ra6 65. g5 Rb6 66. f3 Ra6 67. g6 Ra8 68.
Rxe6 Kd5 69. Re3 Ra4+ 70. Kg5 Ra1 71. g7 Rg1 72. Kf6 Rg3 73. Kf7 Kd6 1-0

[Event "SS Manhem Chess Week 2019 Goteborg Open"]
[Site "Molnlycke kulturhus, Biblioteksgatan 2, Molnlycke, Sweden"]
[Date "2019.08.18"]
[Round "7.10"]
[White "Malmstig, Erik"]
[Black "Sorensen, Bent"]
[Result "1-0"]
[TimeControl "15 minutes + 5 seconds per move from move one (Round 1 - 4) / 90 minutes + 30 seconds per move from move one (Round 5 - 8)"]
[WhiteTitle "FM"]
[BlackTitle "IM"]
[WhiteFideId "1702866"]
[BlackFideId "1400410"]
[WhiteElo "2335"]
[BlackElo "2042"]

1. c4 e6 2. Nf3 d5 3. g3 Nf6 4. Bg2 Bd6 5. O-O O-O 6. b3 c5 7. cxd5 exd5 8. d4 b6 9. Nc3 Be6 10.
Bb2 Nc6 11. Rc1 Re8 12. Nb5 Rc8 13. e3 Bb8 14. dxc5 bxc5 15. Bxf6 Qxf6 16. Rxc5 Nb4 17. Rxc8 Rxc8 18. Qd2 a5 19.
Nfd4 Rc5 20. a3 Na6 21. Qxa5 Bd7 22. a4 Nc7 23. b4 Rc4 24. Na3 Rc3 25. Nb1 Rd3 26. Rc1 Ne6 27. Qa8 Qd8 28.
Bf1 Nxd4 29. Bxd3 Nf3+ 30. Kg2 Ne5 31. Bb5 Bg4 32. Nd2 h6 33. h3 Be6 34. a5 Kh7 35. a6 Qb6 36. Qb7 Ba7 37.
Qxb6 Bxb6 38. Ra1 Ba7 39. f4 Ng6 40. Bd3 Kg8 41. f5 Ne5 42. fxe6 1-0

[Event "SS Manhem Chess Week 2019 Goteborg Open"]
[Site "Molnlycke kulturhus, Biblioteksgatan 2, Molnlycke, Sweden"]
[Date "2019.08.18"]
[Round "7.11"]
[White "Nilsson, Joakim"]
[Black "Svensson, Leif"]
[Result "1-0"]
[TimeControl "15 minutes + 5 seconds per move from move one (Round 1 - 4) / 90 minutes + 30 seconds per move from move one (Round 5 - 8)"]
[WhiteTitle "FM"]
[WhiteFideId "1723383"]
[BlackFideId "1702459"]
[WhiteElo "2319"]
[BlackElo "2027"]

1. Nf3 d5 2. c4 e6 3. d4 c6 4.
g3 Bd6 5. Bg2 Nd7 6. O-O Ngf6 7. Nfd2 O-O 8. Nc3 Re8 9. e4 dxe4 10. Ndxe4 Nxe4 11.
Nxe4 Bf8 12. Qc2 e5 13. d5 cxd5 14. cxd5 f5 15. Nc3 Nf6 16. Rd1 Bd7 17. Qb3 Rb8 18. h3 Bd6 19. Be3 Qa5 20. Bg5 b5 21. a3 Qb6 22. Be3 Qb7 23. Rac1 a5 24.
Ne2 Rbc8 25. Rc6 a4 26. Qa2 f4 27. Rxd6 fxe3 28. Rxf6 Qa7 29. Rf3 exf2+ 30. Kh2 e4 31.
Rc3 Rxc3 1-0

[Event "SS Manhem Chess Week 2019 Goteborg Open"]
[Site "Molnlycke kulturhus, Biblioteksgatan 2, Molnlycke, Sweden"]
[Date "2019.08.18"]
[Round "7.12"]
[White "Andersson, Lars"]
[Black "Petersson, Baldur Teodor"]
[Result "0-1"]
[TimeControl "15 minutes + 5 seconds per move from move one (Round 1 - 4) / 90 minutes + 30 seconds per move from move one (Round 5 - 8)"]
[BlackTitle "CM"]
[WhiteFideId "1706772"]
[BlackFideId "2309157"]
[WhiteElo "2003"]
[BlackElo "2255"]

1. e4 c5 2. Nf3 e6 3. b4 cxb4 4. a3 d5 5. e5 d4 6. Bb2 Nc6 7. Bb5 Bd7 8. Bxc6 Bxc6 9. d3 bxa3 10.
Nxa3 Bb4+ 11. Kf1 Bc5 12. Nc4 Nh6 13. Nd6+ Bxd6 14. exd6 O-O 15. Ba3 Qf6 16. Nd2 Nf5 17. Nf3 e5 18.
h4 Nxd6 19. Ng5 Nf5 20. Kg1 Rfe8 21. Ne4 Bxe4 22. dxe4 Nd6 23. Qe2 Rec8 24. Rb1 Rc7 25. Rh3 Rac8 26. Bxd6 Rxc2 0-1

[Event "SS Manhem Chess Week 2019 Goteborg Open"]
[Site "Molnlycke kulturhus, Biblioteksgatan 2, Molnlycke, Sweden"]
[Date "2019.08.18"]
[Round "7.13"]
[White "Arnelind, Mikael"]
[Black "Johansson, Roy"]
[Result "1-0"]
[TimeControl "15 minutes + 5 seconds per move from move one (Round 1 - 4) / 90 minutes + 30 seconds per move from move one (Round 5 - 8)"]
[WhiteFideId "1704290"]
[BlackFideId "1745972"]
[WhiteElo "2187"]
[BlackElo "1976"]

1. d4 f5 2. Nc3 Nf6 3. Bg5 Ne4 4. Nxe4 fxe4 5. e3 c6 6. c3 g6 7. h4 h6 8. Bf4 d6 9. f3 exf3 10.
Nxf3 Be6 11. Bd3 Bf7 12. Qc2 Rg8 13. O-O-O Qa5 14. b3 Nd7 15. Nd2 Nf6 16. Nc4 Qc7 17. e4 O-O-O 18. Rhf1 g5 19. hxg5 hxg5 20. Bxd6 exd6 21. Rxf6 Bg7 22. Rf2 g4 23. Rdf1 Be6 24. Kb1 d5 25. exd5 Rxd5 26. Bf5 Bxf5 27. Rxf5 Rxf5 28. Qxf5+ Qd7 29. Nd6+ Kd8 30. Qxd7+ Kxd7 31.
Nxb7 1-0

[Event "SS Manhem Chess Week 2019 Goteborg Open"]
[Site "Molnlycke kulturhus, Biblioteksgatan 2, Molnlycke, Sweden"]
[Date "2019.08.18"]
[Round "7.14"]
[White "Ask, Josef"]
[Black "Mitra, Akash"]
[Result "1/2-1/2"]
[TimeControl "15 minutes + 5 seconds per move from move one (Round 1 - 4) / 90 minutes + 30 seconds per move from move one (Round 5 - 8)"]
[WhiteTitle "FM"]
[WhiteFideId "1704583"]
[BlackFideId "1726714"]
[WhiteElo "2136"]
[BlackElo "1937"]

1. Nf3 Nf6 2. g3 g6 3. Bg2 Bg7 4. O-O O-O 5. d3 d5 6. Nbd2 b6 7. e4 Bb7 8. e5 Nfd7 9. Re1 e6 10. Nf1 c5 11.
h4 Nc6 12. Bf4 Qe7 13. N1h2 Rae8 14. Ng4 f6 15. exf6 Nxf6 16. Ng5 Nxg4 17. Qxg4 Bc8 18. c3 h6 19. Nh3 Qf6 20. Qe2 Kh7 21.
Bd6 Rf7 22. Bf4 Rfe7 23. Rad1 e5 24. Be3 Qd6 25. Qf3 1/2-1/2

[Event "SS Manhem Chess Week 2019 Goteborg Open"]
[Site "Molnlycke kulturhus, Biblioteksgatan 2, Molnlycke, Sweden"]
[Date "2019.08.18"]
[Round "7.15"]
[White "Troberg Eskola, Love"]
[Black "Knutsson, Hakan"]
[Result "1-0"]
[TimeControl "15 minutes + 5 seconds per move from move one (Round 1 - 4) / 90 minutes + 30 seconds per move from move one (Round 5 - 8)"]
[WhiteFideId "1724185"]
[BlackFideId "1706810"]
[WhiteElo "2134"]
[BlackElo "1848"]

1. Nf3 Nf6 2. b3 e6 3. Bb2 d5 4. g3 Be7 5. Bg2 O-O 6. O-O b6 7. c4 Bb7 8. Qc2 Nbd7 9. cxd5 Bxd5 10.
Nc3 Bb7 11. Rac1 c5 12. Rfd1 Rc8 13. Qb1 Qc7 14. a3 Qb8 15. d3 h6 16. Ba1 c4 17. bxc4 Bxa3 18. Bb2 Bxb2 19. Qxb2 e5 20.
Nd2 Bxg2 21. Kxg2 Nc5 22. Ra1 Rfd8 23. f3 Rd7 24. Ra3 Ne6 25. Rda1 Nd4 26. Nb3 Nxb3 27. Qxb3 Rb7 28. Nb5 a5 29.
Nc3 Nd7 30. Rb1 Nc5 31. Qc2 Qd6 32. Ra2 Qc6 33. Rb5 f6 34. Rab2 Ne6 35. Qb1 Rcb8 36. Nd5 Kf7 37. Rxb6 Rxb6 38.
Rxb6 Rxb6 39. Qxb6 Qxb6 40. Nxb6 Ke7 41. Kf2 Kd6 42. Na4 Nc5 43. Nxc5 Kxc5 44. Ke3 f5 45. Kd2 e4 46. fxe4 fxe4 47.
Kc3 1-0

[Event "SS Manhem Chess Week 2019 Goteborg Open"]
[Site "Molnlycke kulturhus, Biblioteksgatan 2, Molnlycke, Sweden"]
[Date "2019.08.18"]
[Round "7.16"]
[White "Eriksson, Kristian"]
[Black "Hamilton, Olov"]
[Result "1-0"]
[TimeControl "15 minutes + 5 seconds per move from move one (Round 1 - 4) / 90 minutes + 30 seconds per move from move one (Round 5 - 8)"]
[WhiteFideId "1705172"]
[BlackFideId "1723677"]
[WhiteElo "2113"]
[BlackElo "1874"]

1. e4 c5 2. Nf3 d6 3. d4 cxd4 4. Nxd4 Nf6 5. Nc3 a6 6. Bg5 e6 7. Qf3 Qc7 8. Bxf6 gxf6 9. Qxf6 Rg8 10.
O-O-O Be7 11. Qf3 b5 12. a3 Nd7 13. g3 Bb7 14. Bd3 Rg5 15. Nb3 Rc8 16. h4 Re5 17. Kb1 Nb6 18. Qe2 d5 19.
f4 Bxa3 20. fxe5 Bxb2 21. Nxb5 axb5 22. Bxb5+ Ke7 23. Kxb2 Qc3+ 24. Kb1 Nc4 25. Bxc4 dxc4 26. Qd2 cxb3 27. Qxc3 Rxc3 28. Kb2 Rxc2+ 29. Kxb3 Bxe4 30. Rhe1 Bg6 31. h5 Rg2 32. hxg6 Rxg3+ 33. Kc4 hxg6 34. Re4 Rf3 35. Ra1 Kf8 36. Kd4 Kg7 37. Rh1 g5 38.
Rg4 Kg6 39. Rh8 Kf5 40. Rg1 Rf4+ 41. Kd3 Rf3+ 42. Ke2 Ra3 43. Rf8 Ra7 44. Rf1+ Kg6 45. Rg8+ Kh5 46. Rg1 Ra2+ 47. Kd3 Ra3+ 48.
Kc2 Rf3 49. R8xg5+ Kh6 50. R5g3 1-0

[Event "SS Manhem Chess Week 2019 Goteborg Open"]
[Site "Molnlycke kulturhus, Biblioteksgatan 2, Molnlycke, Sweden"]
[Date "2019.08.18"]
[Round "7.17"]
[White "Ziegler, Nathalie"]
[Black "Pettersson, Anders"]
[Result "0-1"]
[TimeControl "15 minutes + 5 seconds per move from move one (Round 1 - 4) / 90 minutes + 30 seconds per move from move one (Round 5 - 8)"]
[WhiteFideId "1715984"]
[BlackFideId "1715143"]
[WhiteElo "1846"]
[BlackElo "2104"]

1. c4 Nf6 2. Nf3 e6 3. g3 d5 4. d4 Be7 5. Bg2 O-O 6. O-O dxc4 7.
Qc2 a6 8. Qxc4 b5 9. Qc2 Bb7 10. Bf4 Nc6 11. Rd1 Bd6 12. Bg5 h6 13. Bxf6 Qxf6 14. Nc3 Qe7 15. a3 Na5 16. Ne4 Rac8 17.
Nc5 Bxc5 18. dxc5 Bd5 19. Qc3 Nc6 20. b4 Rcd8 21. Rac1 f6 22. Nh4 Qf7 23. Bxd5 exd5 24. Nf3 Rfe8 25.
e3 Qh5 26. Kg2 Ne5 27. Nxe5 fxe5 28. Rd2 c6 29. Qc2 Rf8 30. Qd1 Qf5 31. Qe2 a5 32. Qd3 Qf3+ 33. Kg1 axb4 34. axb4 Qg4 35.
Qc3 Qf5 36. Qd3 Qg4 37. Qc3 Qe4 38. Ra1 Ra8 39. Ra3 d4 40. Qb3+ Kh8 41. Rda2 Rad8 42. exd4 exd4 43. Qd3 Qe1+ 44.
Kg2 Qxb4 45. Ra7 Qxc5 46. Qg6 Qe5 47.
Re2 Qf6 48. Qg4 Rfe8 49. Rxe8+ Rxe8 50. Qd7 Rd8 51. Qc7 d3 52. Ra1 Qd6 53. Qa5 d2 54. Rd1 b4 55. Qb6 c5 56. Qa7 c4 0-1